Unix NetHack Version 5.0.0-0 post-release - last build Jul 14 2026 02:55:29 (1809b74e8187c3a3585e283601c3028b46cbbdcb,branch:main).

Game began 2026-07-16 05:06:29, ended 2026-07-18 01:03:46.

KnightLite, chaotic female elven Ranger

                                ---------
                                EA@..%@@.AA AAW     A  A
                              A ...----&-             @ A  &
                           .......-   @      @
                          ......A-    @ AA    p
            -----       ..)..%..%|      A@
             ...|       ...-------
     ---------..--      -|--
     |.......|...--  -.....            @
     |.......|....---......            .
     |..._...-%....-......             .
     |.......|....---....             -+-
     |.......|...--
     ---------..--
             ...|
            -----

KnightLite the Scout         St:25 Dx:18 Co:16 In:19 Wi:20 Ch:8  Chaotic
Astral Plane $:0  HP:0(207) Pw:93(93) AC:-42 Xp:16 T:48365  Fly

Latest messages:
 What do you want to zap?
 In what direction? 6
 You kill the jabberwock!
 The death ray hits the Angel of Mercury.
 You kill the nurse!
 Marvin the invisible Voyager swings his long sword.
 Marvin the invisible Voyager hits!
 Marvin the invisible Voyager swings his long sword.
 Marvin the invisible Voyager hits again!
 The renegade Angel of Mars points at you, then curses.
 Marvin the invisible Voyager picks up a club.
 You hear a mumbled curse.
 The Angel of Moloch points at you, then curses.
 Pick a monster, object or location.
 &        a major demon (Famine) [seen: infravision, telepathy]
 There is a jabberwock corpse here; eat it? [ynq] (n) n
 What do you want to eat?
 Blecch!  Rotten food!
 You feel rather light headed.
 What do you want to use or apply?
 What do you want to use or apply?
 You feel less confused now.
 The fire elemental misses Eve the Heroine.
 The renegade Angel of Mars points at you, then curses.
 You hear a mumbled curse.
 You hear a mumbled curse.
 Marvin the invisible Voyager swings his long sword.
 Marvin the invisible Voyager misses!
 Marvin the invisible Voyager swings his long sword.
 Marvin the invisible Voyager hits!
 The Angel of Moloch zaps you with a magic missile!
 The magic missile hits Famine.
 The magic missile hits you!
 But it reflects from your shield!
 "Hast thou considered masking thine odour?"
 You hear a mumbled curse.
 The invisible Angel of Moloch points at you, then curses.
 The Angel of Moloch points at you, then curses.
 The Angel of Moloch points at you, then curses.
 What do you want to use or apply?
 The fiery blade hits Famine.
 The renegade Angel of Mars points at you, then curses.
 The renegade Angel of Mars points at you, then curses.
 Marvin the invisible Voyager picks up a leather armor.
 Famine reaches out, and your body shrivels.
 Famine touches you!
 You die...
 Do you want your possessions identified? [ynq] (y) y
 Do you want to see your attributes? [ynq] (y) y
 Do you want an account of creatures vanquished? [ynaq] (y) q

Inventory:
 Amulets  ('"')
  N - a blessed amulet of flying (being worn)
  g - the Amulet of Yendor named REAL
 Weapons  (')')
  j - 4 cursed +0 arrows
  o - the blessed +0 Longbow of Diana (alternate weapon; not wielded)
  W - the blessed rustproof +6 Fire Brand (weapon in right hand)
 Armor    ('[')
  L - a blessed +4 helm of brilliance (being worn)
  Z - a blessed rustproof +4 pair of gauntlets of power (being worn)
  r - a blessed fireproof +4 pair of speed boots (being worn)
  a - a blessed +4 shield of reflection (being worn)
  A - a blessed fireproof +4 cloak of magic resistance (being worn)
  h - a blessed fireproof +4 Hawaiian shirt with a water nymph motif (being worn)
  l - a blessed +4 silver dragon scale mail (being worn)
 Comestibles  ('%')
  R - an uncursed lizard corpse
 Spellbooks  ('+')
  d - the uncursed Book of the Dead
 Potions  ('!')
  E - an uncursed potion of confusion
 Rings    ('=')
  M - an uncursed ring of conflict (on right hand)
  F - an uncursed ring of free action (on left hand)
  b - an uncursed ring of shock resistance
 Wands    ('/')
  G - a wand of cancellation (0:0)
  X - a wand of death (0:1)
  z - a wand of death (0:0)
  k - a wand of digging (0:5)
  Y - a wand of digging (0:5)
  w - a wand of digging (0:4)
  U - a wand of digging (0:3)
  f - a wand of secret door detection (0:11)
  x - a wand of stasis (0:4)
  Q - a wand of stasis (0:4)
  I - a cursed wand of striking (0:0)
  S - a blessed wand of teleportation (0:5)
  t - a wand of teleportation (0:0)
  K - a wand of teleportation named EMPTY (0:0)
  O - a wand of teleportation (0:0)
  P - a wand of teleportation (0:0)
  m - a cursed wand of teleportation (0:0)
 Tools    ('(')
  u - a blessed bag of holding containing 90 items
  y - the Bell of Opening (0:2)
  C - an uncursed blindfold
  c - the uncursed Candelabrum of Invocation (0 of 7 candles attached)
  i - a blessed magic marker (0:37)
  B - an uncursed skeleton key
  q - a blessed +0 unicorn horn
 Gems/Stones  ('*')
  s - a blessed luckstone

Contents of the bag of holding:
  an uncursed amulet of guarding
  an uncursed amulet of life saving
  an uncursed amulet of life saving
  150 +2 arrows
  the blessed +5 Sting
  an uncursed +0 alchemy smock with text "Rat: The other white meat"
  9 uncursed C-rations
  2 uncursed candy bars labeled "Fruity Oaty"
  2 uncursed cram rations
  2 uncursed food rations
  10 uncursed K-rations
  3 uncursed lembas wafers
  3 uncursed tripe rations
  an uncursed lizard corpse
  an uncursed lizard corpse
  a cursed scroll of blank paper
  a blessed scroll of charging
  2 cursed scrolls of create monster
  2 uncursed scrolls of earth
  4 uncursed scrolls of enchant armor
  3 blessed scrolls of remove curse
  an uncursed scroll of scare monster
  an uncursed scroll of teleportation
  an uncursed potion of blindness
  an uncursed potion of enlightenment
  a blessed potion of fruit juice
  an uncursed potion of fruit juice
  an uncursed potion of gain ability
  an uncursed potion of oil
  an uncursed potion of paralysis
  a blessed potion of restore ability
  3 uncursed potions of restore ability
  an uncursed potion of see invisible
  a potion of holy water
  an uncursed ring of cold resistance
  an uncursed ring of fire resistance
  an uncursed +3 ring of gain strength
  a cursed -1 ring of increase accuracy
  an uncursed ring of levitation
  an uncursed ring of poison resistance
  an uncursed ring of see invisible
  an uncursed ring of teleport control
  an uncursed ring of teleport control
  a wand of cold (0:7)
  a wand of cold (0:4)
  a wand of create monster (0:13)
  a wand of create monster (0:13)
  a wand of create monster (0:10)
  a wand of create monster (0:10)
  a wand of enlightenment (0:12)
  a wand of enlightenment (0:10)
  a wand of light (0:13)
  a wand of lightning (0:8)
  a wand of lightning (0:5)
  a wand of lightning (0:4)
  a wand of lightning (0:2)
  a wand of locking (0:6)
  a wand of magic missile (0:5)
  a wand of magic missile (0:4)
  a wand of magic missile (0:4)
  a wand of make invisible (0:5)
  a wand of make invisible (0:3)
  a wand of opening (0:8)
  a wand of polymorph (0:8)
  a wand of polymorph (0:5)
  a wand of polymorph (0:4)
  a wand of probing (0:2)
  a wand of sleep (0:5)
  a wand of slow monster (0:6)
  a wand of speed monster (0:7)
  a wand of speed monster (0:6)
  a wand of striking (0:6)
  a wand of striking (0:6)
  a wand of striking (0:3)
  a wand of striking (0:0)
  a cursed wand of striking (0:3)
  a blessed wand of undead turning (0:5)
  a wand of undead turning (0:6)
  a wand of undead turning (0:4)
  a wand of undead turning (0:4)
  a fire horn (0:4)
  an expensive camera (0:90)
  a blessed magic marker (1:10)
  a blessed magic marker (1:10)
  a blessed magic marker (1:6)
  a magic marker (1:7)
  3 uncursed wax candles
  an uncursed ruby
  an uncursed worthless piece of blue glass
  an uncursed worthless piece of red glass

KnightLite the Ranger's attributes:

Background:
 You were a Scout, a level 16 female elven Ranger.
 You were chaotic, on a mission for Mars
 who was opposed by Mercury (lawful) and Venus (neutral).
 You were right-handed.
 You were in the endgame, on the Astral Plane.
 You entered the dungeon 48365 turns ago.
 It was nighttime.
 There was a new moon in effect when your adventure ended.
 You had 351070 experience points, 288930 more were needed to attain level 17.

Basics:
 You had 0 out of 207 hit points.
 You had all 93 energy points (spell power).
 Your armor class was -42.
 Your wallet was empty.
 Autopickup was off.

Final Characteristics:
 Your strength was 25 (base:17, peak:18, innate limit:18).
 Your dexterity was 18 (limit:18).
 Your constitution was 16 (limit:16).
 Your intelligence was 19 (base:15, limit:20).
 Your wisdom was 20 (base:16, limit:20).
 Your charisma was 8 (limit:18).

Final Status:
 You were flying.
 You weren't hungry.
 You were unencumbered.
 You were wielding a long sword.
 You had basic skill with long sword.

Final Attributes:
 You were piously aligned.
 You were magic-protected.
 You were fire resistant.
 Your items were protected from fire.
 You were cold resistant.
 You were sleep resistant.
 You were disintegration resistant.
 You were shock resistant.
 You were poison resistant.
 You saw invisible.
 You were telepathic.
 You had automatic searching.
 You had infravision.
 You were stealthy.
 You caused conflict.
 You had a moderate defense bonus (+9).
 You were warded.
 You were very fast.
 You had reflection.
 You had free action.
 You were extremely lucky.
 You had extra luck.
 Good luck did not time out for you.
 You are dead.

Miscellaneous:
 You encountered 3 bones levels.
 Total elapsed playing time was 17 hours, 52 minutes and 39 seconds.

Major events:
 Turn
    1: KnightLite the chaotic female elven Ranger entered the dungeon
  134: became literate by naming Sting
 1038: attained the rank of Lookout (level 3)
 1474: entered the Gnomish Mines
 2283: attained the rank of Trailblazer (level 6)
 2760: reached Mine Town
 3565: made her first wish - "blessed +2 silver dragon scale mail", got "a silver dragon scale mail"
 4374: attained the rank of Reconnoiteress (level 10)
 4399: entered Sokoban
 4595: completed 1st Sokoban level
 4795: completed 2nd Sokoban level
 5013: completed 3rd Sokoban level
 5547: completed 4th Sokoban level
 5760: acquired the Sokoban bag of holding
 8528: acquired the Mines' End luckstone
10193: entered the Bigroom
12890: performed her first genocide (class L)
12891: genocided class h
12891: genocided class R
15622: chose an elven broadsword to be named "Orcrist"
17733: was bestowed with Werebane by Mars
21090: was bestowed with Trollsbane by Mars
33072: was bestowed with Fire Brand by Mars
34304: entered Home 1, the Quest
34306: attained the rank of Scout (level 14)
34568: Orion has granted access to proceed deeper into the quest
34585: entered Home 2, the Quest
34835: entered Home 3, the Quest
35052: entered Home 4, the Quest
35257: entered Home 5, the Quest
35275: found the Longbow of Diana on the floor
35317: killed Scorpius
35321: acquired the Bell of Opening
35349: genocided shocking spheres
35391: wished for "blessed amulet of flying", got "a perforated amulet"
36701: killed Medusa
37343: wished for "blessed magic marker", got "a magic marker"
37346: genocided class V
37347: wished for "blessed magic marker", got "a magic marker"
37365: wished for "blessed tin of blue dragon meat", got "a tin"
38061: entered Gehennom
38650: bribed Asmodeus with 500 zorkmids for safe passage
39315: killed Juiblex
39591: bribed Baalzebub with 600 zorkmids for safe passage
40250: killed Orcus
41443: destroyed Vlad the Impaler
41445: acquired the Candelabrum of Invocation
45849: killed the Wizard of Yendor
45883: acquired the Book of the Dead
46044: performed the invocation
46110: killed the Wizard of Yendor (2nd time)
46223: killed the high priestess of Moloch
46235: acquired The Amulet of Yendor
46235: wished for "blessed magic marker", got "a magic marker"
46245: genocided class a
46246: genocided class S
47977: entered the Elemental Planes
47977: entered Plane of Earth
47978: killed the Wizard of Yendor (3rd time)
48017: entered Plane of Air
48090: entered Plane of Fire
48143: entered Plane of Water
48144: genocided class ;
48275: entered the Astral Plane
48281: found Mjollnir carried by a monster
48296: killed Pestilence
48308: killed Pestilence (2nd time)
48365: killed by Famine

Spells:
 Name                 Level Category     Fail Retention
 cure blindness         2   healing      100%    (gone)
 wizard lock            2   matter       100%    (gone)
 detect treasure        4   divination   100%    (gone)
 jumping                1   escape       100%    (gone)
 drain life             2   attack       100%   26%-50%
 dig                    5   matter       100%   26%-50%
 magic missile          2   attack       100%   26%-50%
 invisibility           4   escape       100%   26%-50%
 cure sickness          3   healing      100%   26%-50%
 extra healing          3   healing      100%   26%-50%
 haste self             3   escape       100%   26%-50%

Skills:
 Fighting Skills
   bare handed combat [Unskilled]
   riding             [Unskilled]
 Weapon Skills
   dagger             [Skilled]
   knife              [Unskilled]
   axe                [Unskilled]
   pick-axe           [Unskilled]
   short sword        [Unskilled]
   long sword         [Basic]
   saber              [Unskilled]
   morning star       [Unskilled]
   flail              [Unskilled]
   hammer             [Unskilled]
   quarterstaff       [Unskilled]
   polearms           [Unskilled]
   spear              [Unskilled]
   trident            [Unskilled]
   bow                [Expert]
   sling              [Unskilled]
   crossbow           [Unskilled]
   dart               [Skilled]
   shuriken           [Unskilled]
   boomerang          [Unskilled]
   whip               [Unskilled]
 Spellcasting Skills
   healing spells     [Unskilled]
   divination spells  [Unskilled]
   escape spells      [Unskilled]

Voluntary challenges:
 Character rerolling was not enabled.
 You genocided 34 types of monsters.
 You never polymorphed an object.
 You never changed form.
 You used 6 wishes.
 You did not wish for any artifacts.
 You did not violate any of the special Sokoban rules.
Achievements:
 You attained the rank of Lookout.
 You entered a shop.
 You entered the Gnomish Mines.
 You attained the rank of Trailblazer.
 You entered Minetown.
 You attained the rank of Reconnoiteress.
 You entered Sokoban.
 You completed Sokoban.
 You completed the Gnomish Mines.
 You entered the Big Room.
 You entered a temple.
 You attained the rank of Scout.
 You had the Bell of Opening.
 You defeated Medusa.
 You entered Gehennom.
 You had the Candelabrum of Invocation.
 You had the Book of the Dead.
 You gained access to Moloch's Sanctum.
 You had the Amulet of Yendor.
 You reached the Elemental Planes.
 You reached the Astral Plane.

 The Elemental Planes:
    Astral Plane: <- You were here.
       A temple and an altar.
       Final resting place for
          you, killed by Famine.
    Plane of Water:
    Plane of Fire:
    Plane of Air:
    Plane of Earth:
 The Dungeons of Doom: levels 1 to 26
    Level 1:
       A fountain.
       One way stairs up to The Elemental Planes.
    Level 2:
       Many fountains.
    Level 3:
       A general store.
       Stairs down to The Gnomish Mines.
    Level 4:
    Level 5:
       Many fountains.
       Oracle of Delphi.
    Level 6:
       A throne.
       Stairs up to Sokoban, level 5.
    Level 7:
    Level 8:
    Level 9: "SINK KICKED"
       A sink.
    Level 10:
       A very big room.
    Level 11:
       Portal to The Quest.
    Level 12:
       A ring shop, a fountain.
    Level 13:
    Level 14:
    Level 15:
    Level 16:
       A primitive area.
    Level 17:
       A throne, a grave.
    Level 18:
       A temple and an altar.
    Level 19:
    Level 20:
    Level 21:
       An armor shop.
    Level 22:
    Level 23:
       Some shops, some fountains.
    Level 24:
       A fountain, many trees.
    Level 25:
    Level 26:
       A fountain.
 Gehennom: levels 27 to 50
    Level 27:
       A temple and an altar, many graves.
       Valley of the Dead.
       Final resting place for
          levoittiel-Rog-Orc-Fem-Cha, killed by a baluchitherium,
          Lanfaedhe-Tou-Hum-Mal-Neu, killed by a vrock.
    Level 28:
    Level 29:
    Level 30:
    Level 31:
    Level 32:
       A fountain.
    Level 33:
    Level 34:
    Level 35:
    Level 36:
       Some shops, an altar, a grave.
    Level 37:
    Level 38:
    Level 39:
       Stairs up to Vlad's Tower, level 38.
    Level 40:
    Level 41:
    Level 42:
    Level 43:
    Level 44:
    Level 45:
    Level 46:
    Level 47:
    Level 48:
    Level 49:
    Level 50:
       A temple and an altar, many graves.
       Moloch's Sanctum.
 The Gnomish Mines: levels 4 to 11
    Level 4:
       A grave.
       Final resting place for
          Jinnora-Wiz-Hum-Fem-Neu, killed by a gnome lord.
    Level 5:
    Level 6:
    Level 7:
       An altar to Mars, a grave.
       Final resting place for
          IanCurtis-Wiz-Elf-Mal-Cha, killed by a jaguar.
    Level 8:
    Level 9:
    Level 10:
    Level 11:
 The Quest: levels 1 to 5
    Level 1:
       Many trees.
       Completed quest for Orion.
    Level 2:
       Many trees.
    Level 3:
    Level 4:
    Level 5:
 Sokoban: levels 5 up to 2
    Level 2:
       Solved.
    Level 3:
       Solved.
    Level 4:
       Solved.
    Level 5:
       Solved.
 Vlad's Tower: levels 38 up to 36
    Level 36:
       A throne.
    Level 37:
    Level 38:


Vanquished creatures:
    Orcus
    Juiblex
the Wizard of Yendor (thrice)
    Pestilence (twice)
    Vlad the Impaler
  a high cleric
  a mastodon
    Medusa
 17 krakens
  2 iron golems
  a titan
  2 glass golems
  5 balrogs
  a purple worm
  2 gray dragons
  2 gold dragons
  a silver dragon
  5 red dragons
  4 white dragons
  3 orange dragons
  a black dragon
  a green dragon
  3 yellow dragons
 30 minotaurs
  6 jabberwocks
    Scorpius
  4 baluchitheria
  3 stone golems
 19 Olog-hai
  2 Nazgul
  4 pit fiends
  4 hell hounds
  6 titanotheres
  9 trappers
  7 baby red dragons
  a guardian naga
  a genetic engineer
 10 skeletons
 10 aligned clerics
  a captain
  5 shades
  3 clay golems
  6 nurses
  3 ice devils
  6 nalfeshnees
  a lurker above
  2 Aleaxes
  a frost giant
  4 ettins
  2 golden nagas
  9 black puddings
  2 lieutenants
 12 ghosts
  a queen bee
  4 winged gargoyles
  a mind flayer
 16 giant mimics
  5 long worms
  8 zruties
  2 fire giants
  3 ogre tyrants
  2 ice trolls
  a rock troll
  8 umber hulks
  4 flesh golems
  3 elven monarchs
  a doppelganger
 23 hezrous
 12 bone devils
  9 large mimics
  2 wumpuses
  8 fire vortices
 14 stalkers
 12 air elementals
 10 fire elementals
  3 earth elementals
 12 water elementals
  7 hill giants
  a giant mummy
  2 black nagas
  7 xorns
 15 giant zombies
  2 elf-nobles
 13 sergeants
  a water demon
  4 barbed devils
 14 vrocks
  5 salamanders
 12 wargs
  4 winter wolves
 19 hell hound pups
 15 small mimics
  7 glass piercers
  6 warhorses
 11 steam vortices
 12 xans
  4 ettin mummies
  5 ogre leaders
  8 quantum mechanics
 31 trolls
  3 sasquatches
  6 mariliths
  9 sharks
  9 electric eels
  6 gelatinous cubes
  7 pyrolisks
  3 large dogs
  6 freezing spheres
 17 flaming spheres
  4 shocking spheres
  4 large cats
  8 tigers
  9 gargoyles
  4 dwarf rulers
  7 tengu
  8 ochre jellies
 10 leocrottas
  7 energy vortices
 23 mountain centaurs
  3 stone giants
  2 elf mummies
  5 human mummies
  5 green slimes
  a python
  3 pit vipers
  6 cobras
 20 wraiths
  5 carnivorous apes
  6 ettin zombies
  5 leather golems
  4 Grey-elves
 47 soldiers
  6 amorous demons
  3 horned devils
  6 chameleons
  4 crocodiles
 27 giant beetles
  9 quivering blobs
 23 cockatrices
 11 wolves
 20 winter wolf cubs
  7 lynxes
  6 panthers
  4 gremlins
  2 spotted jellies
 13 leprechauns
  7 orc-captains
  7 iron piercers
  3 mumakil
 12 giant spiders
 32 scorpions
 10 horses
 an ice vortex
 12 black lights
  7 vampire bats
 47 forest centaurs
  8 gnome rulers
  5 orc mummies
  8 dwarf mummies
  2 ogres
  6 brown puddings
 16 owlbears
 11 yetis
  3 gold golems
  5 werewolves
  2 Green-elves
  7 piranha
 20 giant eels
 14 lizards
  8 chickatrices
  5 dingoes
  4 dogs
  3 housecats
  9 jaguars
  7 dwarf leaders
  6 blue jellies
  4 white unicorns
  3 gray unicorns
  5 dust vortices
 25 ravens
 12 plains centaurs
  2 gnome mummies
  7 snakes
  6 water moccasins
  4 apes
  8 human zombies
  5 rope golems
  a Woodland-elf
 23 soldier ants
 34 fire ants
  3 bugbears
  a lemure
  3 quasits
  6 wood nymphs
  5 water nymphs
  5 mountain nymphs
 18 Mordor orcs
  9 Uruk-hai
  4 orc shamans
  7 rock piercers
  6 ponies
  9 fog clouds
 13 yellow lights
  5 shriekers
  3 violet fungi
 22 gnome leaders
  9 gnomish wizards
  3 kobold mummies
  a red naga hatchling
  5 gray oozes
  4 barrow wights
  6 elf zombies
 11 ghouls
  3 straw golems
  7 jellyfish
 23 giant ants
  7 little dogs
 11 floating eyes
  6 kittens
 20 dwarves
  3 kobold leaders
  2 kobold shamans
 24 hill orcs
 13 rothes
  3 rabid rats
  5 centipedes
  8 giant bats
  3 monkeys
  8 orc zombies
 12 dwarf zombies
  2 wererats
  2 werejackals
 16 iguanas
 43 killer bees
  9 acid blobs
  2 coyotes
  2 gas spores
  4 hobbits
 23 manes
  4 large kobolds
 33 hobgoblins
 13 giant rats
 16 cave spiders
  a brown mold
  3 yellow molds
  2 green molds
  7 red molds
 62 gnomes
 14 garter snakes
  6 gnome zombies
 11 geckos
 11 jackals
  a fox
  5 kobolds
 10 goblins
  2 sewer rats
 28 grid bugs
  a bat
 12 lichens
  2 kobold zombies
 19 newts
2115 creatures vanquished.

Genocided species:
 arch-liches
 krakens
 master liches
 demiliches
 master mind flayers
 disenchanters
 vampire leaders
 liches
 vampires
 queen bees
 mind flayers
 sharks
 electric eels
 shocking spheres
 dwarf rulers
 pythons
 pit vipers
 cobras
 giant beetles
 rust monsters
 piranha
 giant eels
 dwarf leaders
 snakes
 water moccasins
 soldier ants
 fire ants
 bugbears
 jellyfish
 giant ants
 dwarves
 killer bees
 hobbits
 garter snakes
34 species genocided.

Game over:
                       ----------
                      /          \
                     /    REST    \
                    /      IN      \
                   /     PEACE      \
                  /                  \
                  |    KnightLite    |
                  |       0 Au       |
                  | killed by Famine |
                  |                  |
                  |                  |
                  |                  |
                  |       2026       |
                 *|     *  *  *      | *
        _________)/\\_//(\/(/\)/\//\/|_)_______

Goodbye KnightLite the Ranger...

You died in The Astral Plane with 1058726 points,
and 0 pieces of gold, after 48365 moves.
You were level 16 with a maximum of 207 hit points when you died.

